 Dungeon Crawl Stone Soup version 0.25.0-11-g1f837a76a1 (webtiles) character file.

Game seed: 15576971355518040088

(classic levelgen) 476 EnegeticOcto the Fighter (level 7, -10/81 HPs)
             Began as an Ogre Enchanter on June 25, 2020.
             Mangled by an ogre
             ... wielding a +0 giant spiked club
              (20 damage)
             ... on level 4 of the Dungeon.
             The game lasted 00:06:52 (4973 turns).

EnegeticOcto the Fighter (Ogre Enchanter)           Turns: 4973, Time: 00:06:53

Health: -10/81     AC:  3    Str: 14    XL:     7   Next: 10%
Magic:  8/10       EV: 10    Int: 16    God:
Gold:   231        SH:  0    Dex: 10    Spells: 4/10 levels left

rFire    . . .     SeeInvis .   l - +1 dagger (drain)
rCold    . . .     Gourm    .   (no shield)
rNeg     . . .     Faith    .   b - +0 robe
rPois    .         Spirit   .   (helmet restricted)
rElec    .         Reflect  .   (no cloak)
rCorr    .         Harm     .   (gloves unavailable)
MR       .....                  (boots unavailable)
Stlth    ++........             (no amulet)
HPRegen  0.23/turn              d - ring of wizardry
MPRegen  0.12/turn              (no ring)

@: no status effects
A: large, unfitting armour, tough skin 1
a: no special abilities


You were on level 4 of the Dungeon.
You were hungry.

You visited 1 branch of the dungeon, and saw 6 of its levels.

You collected 231 gold pieces.

Inventory:

Hand Weapons
 a - a +1 dagger
 l - a +1 dagger of draining (weapon)
 o - a +4 dagger of pain
 q - a +0 quarterstaff
Missiles
 f - 124 stones
 h - 3 boomerangs (quivered)
 i - 109 arrows
 p - 18 poisoned darts
 v - 6 silver javelins
Armour
 b - a +0 robe (worn)
Jewellery
 d - a ring of wizardry (left hand)
Scrolls
 g - 3 scrolls of fear {!r}
 k - a scroll of enchant armour {unknown}
 m - a scroll of magic mapping {@r5 !r}
 n - a scroll of immolation {unknown}
 r - a scroll of enchant weapon {unknown}
 u - a scroll of teleportation {unknown}
Potions
 c - a potion of curing {@q1 !q}
 j - a potion of berserk rage
 s - 2 potions of magic {unknown}
 t - a potion of lignification {unknown}
Comestibles
 e - a ration


   Skills:
 + Level 8.8 Fighting
 - Level 0.8 Short Blades
 - Level 1.7 Dodging
 - Level 3.0 Stealth
 - Level 2.4 Spellcasting
 - Level 2.6 Hexes


You had 4 spell levels left.
You knew the following spells:

 Your Spells              Type           Power        Failure   Level  Hunger
a - Corona                Hex            ##.....      2%          1    #......
b - Ensorcelled Hibernat  Hex/Ice        #.....       7%          2    ###....
c - Confusing Touch       Hex            ##......     9%          3    ###....

Your spell library contained the following spells:

 Spells                   Type           Power        Failure   Level  Hunger
 Tukima's Dance           Hex            ##......     9%          3    ###....
 Dazzling Flash           Conj/Hex       #.....       14%         3    ###....


Dungeon Overview and Level Annotations

Branches:
Dungeon (6/15)
 Temple: D:4-7

Altars:
Ashenzari
Fedhas

Annotations:
D:5 Sickboy's ghost, novice MiFi


Innate Abilities, Weirdness & Mutations

You are too large for most types of armour.
You have tough skin. (AC +1)


Message History

All of the chunks of flesh in your inventory have rotted away.
The giant cockroach is too close now for your liking.
A giant cockroach is nearby!
A giant cockroach is nearby!
The helpless giant cockroach fails to defend itself.
You puncture the giant cockroach!
You kill the giant cockroach!
No target in view!
No target in view!
No target in view!
No target in view!
No target in view!
Done exploring.
Done exploring.
Done exploring.
Search for what [Enter for "."]? .
You are feeling hungry.
You see here a mace.
Things that are here:
a +0 quarterstaff; a +3 scale mail of poison resistance
q - a +0 quarterstaff
Okay, then.
(D) Dungeon
Where to? (Enter - D:3 @ (x,y), ? - help)
You see here a mace.
There is a stone staircase leading down here.
You climb downwards.
A jackal and an ogre come into view.
Found 22 sling bullets and a ration.
There is a stone staircase leading up here.
Throwing (i - inventory. (/) - cycle)
h - 3 boomerangs (quivered)
Press: ? - help, Shift-Dir - straight line, f - ogre
Aim: an ogre, wielding a +0 giant spiked club (asleep)
You throw a boomerang. The boomerang hits the ogre.
The ogre shouts!
The ogre is lightly wounded.
Throwing (i - inventory. (/) - cycle)
h - 3 boomerangs (quivered)
Press: ? - help, Shift-Dir - straight line, f/p - ogre
Aim: an ogre, wielding a +0 giant spiked club (lightly wounded)
You throw a boomerang. The boomerang hits the ogre.
The ogre is lightly wounded.
Throwing (i - inventory. (/) - cycle)
h - 3 boomerangs (quivered)
Press: ? - help, Shift-Dir - straight line, f/p - ogre
Aim: an ogre, wielding a +0 giant spiked club (lightly wounded)
You throw a boomerang. The boomerang hits the ogre.
The ogre is lightly wounded.
Casting: Confusing Touch (dangerous; 9% risk of failure)
Confirm with . or Enter, or press ? or * to list all spells.
Your hands begin to glow red.
The ogre closely misses you.
You hit the ogre but do no damage.
The ogre is lightly wounded.
You hit the ogre but do no damage.
The ogre is lightly wounded.
The ogre hits you with a +0 giant spiked club!!
The jackal bites you.
You hit the ogre but do no damage.
The ogre is lightly wounded.
The jackal barely misses you.
The ogre hits you with a +0 giant spiked club!
You hit the ogre but do no damage.
The ogre appears confused.
The ogre is lightly wounded.
The jackal bites you. The jackal misses you.
You hit the ogre.
The ogre is moderately wounded.
The ogre hits you with a +0 giant spiked club!
The jackal bites you but does no damage.
You completely miss the ogre.
The ogre is moderately wounded.
A jackal comes into view.
The jackal barely misses you. The ogre closely misses you.
The jackal moves out of view.
You hit the ogre.
The ogre is moderately wounded.
The jackal bites you. The jackal completely misses you.
The jackal barks!
You hit the ogre.
The ogre is heavily wounded.
The ogre screams, "I'll kill you anyway!"
The jackal bites you.
You catch the helpless ogre completely off-guard!
You puncture the ogre!
The ogre is severely wounded.
The jackal closely misses you. The ogre misses you.
The jackal bites you but does no damage.
You hit the ogre.
The ogre is severely wounded.
The jackal barely misses you.
The ogre hits you with a +0 giant spiked club!
* * * LOW HITPOINT WARNING * * *
The jackal misses you.
You hit the ogre.
The ogre is almost dead.
The ogre seems less confused.
The jackal barely misses you.
The jackal bites you but does no damage. x2
You hit the ogre.
The ogre is almost dead.
The jackal bites you.
* * * LOW HITPOINT WARNING * * *
The ogre hits you with a +0 giant spiked club!!
You die...

.# #######.
#....^.### .
#........
..#####%.....#
............#
#...O.....#
#...h@...(#
##..h.....#
#........#
#........#
#........#
##########


You could see an ogre and 2 jackals.

Vanquished Creatures
  An ogre (D:5)
  2 crimson imps (D:6)
  2 hounds
  2 bullfrog skeletons
  Terence (D:3)
  An iguana (D:4)
  2 worker ants (D:3)
  Robin (D:3)
  3 adders
  A worm (D:3)
  3 dart slugs (D:1)
  2 leopard geckos
  2 orcs (D:3)
  5 bats
  5 giant cockroaches
  10 goblins
  11 hobgoblins
  5 jackals
  A ball python (D:3)
  5 frilled lizards
  5 kobolds
  6 rats
76 creatures vanquished.

Notes
Turn   | Place    | Note
-------+----------+-------------------------------------------
     0 | D:1      | EnegeticOcto the Ogre Enchanter began the quest for the
                  | Orb.
     0 | D:1      | Reached XP level 1. HP: 16/16 MP: 3/3
    93 | D:1      | Reached skill level 1 in Fighting
    97 | D:1      | Reached XP level 2. HP: 18/27 MP: 5/5
   317 | D:1      | Reached skill level 2 in Fighting
   805 | D:1      | Reached XP level 3. HP: 36/36 MP: 6/6
  1830 | D:2      | Learned a level 2 spell: Ensorcelled Hibernation
  1834 | D:2      | Learned a level 3 spell: Confusing Touch
  1925 | D:2      | Reached skill level 3 in Fighting
  2200 | D:3      | Found a blossoming altar of Fedhas.
  2293 | D:3      | You fall into a shaft and drop 3 floors!
  2306 | D:5      | Entered Level 5 of the Dungeon
  2375 | D:5      | Reached skill level 3 in Stealth
  2523 | D:5      | Noticed an ogre
  2661 | D:6      | Reached skill level 4 in Fighting
  2661 | D:6      | Reached XP level 4. HP: 17/48 MP: 7/7
  2668 | D:6      | Reached skill level 5 in Fighting
  2668 | D:6      | Reached XP level 5. HP: 18/57 MP: 8/8
  2906 | D:5      | Noticed Sickboy's ghost (novice MiFi)
  2907 | D:5      | Noticed an ice beast
  3131 | D:5      | Noticed an ogre
  3156 | D:5      | Killed an ogre
  3156 | D:5      | Reached skill level 6 in Fighting
  3156 | D:5      | Reached XP level 6. HP: 21/68 MP: 9/9
  3404 | D:4      | Found a shattered altar of Ashenzari.
  3480 | D:4      | Reached skill level 7 in Fighting
  3846 | D:3      | Noticed Robin
  3901 | D:3      | Killed Robin
  4223 | D:3      | Reached skill level 8 in Fighting
  4482 | D:3      | Reached XP level 7. HP: 66/81 MP: 10/10
  4552 | D:3      | Noticed Terence
  4627 | D:3      | Killed Terence
  4973 | D:4      | Mangled by an ogre

Illustrated notes

Levels and vault maps discovered:
D:1:      minmay_arrival_up_and_down, layout_loops_cross, serial_aquarium,
          aquarium_bridge_straight [aquarium_subvault_bridge,
          aquarium_subvault_wall, aquarium_subvault_bridge,
          aquarium_subvault_wall], aquarium_window_fake, aquarium_window_1,
          aquarium_view_2a, minmay_misc_feat_cross
D:2:      layout_rooms
D:3:      layout_loops_cross, overflow_temple_1_default, corexii_corridor_pit,
          uniq_robin, uniq_terence
D:4:      layout_rooms, cheibrodos_ashenzari_chains, kennysheep_little_box
D:5:      layout_layer_cave, gammafunk_ghost_icy, first_ration, uniq_pikel
D:6:      layout_basic, kennysheep_mini, minmay_temple_entry_stoned_glass,
          nicolae_ossuary_entry_ruins, hangedman_decor_points

Skill      XL: |  1  2  3  4  5  6 |
---------------+-------------------+-----
Fighting       | 1 2 4 5 6 8 |  8.8
Stealth        | 3 |  3.0
Short Blades   | |  0.8
Dodging        | |  1.7
Spellcasting   | |  2.4
Hexes          | |  2.6

Action                   |  1- 3 |  4- 6 |  7- 9 || total
-------------------------+-------+-------+-------++-------
Melee: Dagger            |   194 |   162 |    42 ||   398
Throw: Boomerang         |     4 |     6 |     3 ||    13
 Cast: Confusing Touch   |     3 |     1 |     2 ||     6
       Corona            |     1 |       |       ||     1
       Ensorcelled Hiber |       |     8 |     1 ||     9
  Use: Scroll            |     3 |     2 |       ||     5
       Potion            |     2 |     1 |       ||     3
 Stab: Sleeping          |     7 |     4 |     3 ||    14
       Confused          |     1 |     1 |     1 ||     3
  Eat: Chunk             |     2 |     4 |     1 ||     7
       Ration            |     1 |     1 |       ||     2
Armor: Robe              |    41 |    43 |     5 ||    89
Dodge: Dodged            |   102 |    82 |    20 ||   204
